Map: Odyssey LE

Players

ShoWTimE - Winner!

  • Race: Protoss Protoss
  • Spawn Location: 5:00

Kelazhur

  • Race: Terran Terran
  • Spawn Location: 11:00

Event: WCS Montreal 2017

VOD

Have the link to the VOD?

Description

Time

  • Played on: Sept. 9, 2017, 2:41 p.m.
  • Length: 21:34

All games in this series

Show
View Real Time Build Order
Export as new Build Order

ShoWTimE Protoss - Winner!

Build Orders: 1 Gate Expand, Oracle Opening 

Get SALT Encoding   

  12  0:00  Probe (Chrono Boost)  
  13  0:11  Probe (Chrono Boost)  
  14  0:18  Pylon  
  14  0:22  Probe (Chrono Boost)  
  15  0:36  Probe (Chrono Boost)  
  15  0:37  Gateway  
  16  0:44  Assimilator  
  16  0:47  Probe (Chrono Boost)  
  17  0:57  Probe (Chrono Boost)  
  18  1:08  Probe (Chrono Boost)  
  19  1:21  Nexus  
  19  1:30  Cybernetics Core  
  19  1:34  Probe (Chrono Boost)  
  20  1:40  Assimilator  
  20  1:45  Probe (Chrono Boost)  
  21  1:51  Pylon  
  21  1:55  Probe (Chrono Boost)  
  22  2:09  Probe (Chrono Boost), Adept (Chrono Boost)  
  22  2:11  Warp Gate  
  25  2:20  Probe  
  26  2:27  Stargate  
  26  2:33  Probe x2, Adept (Chrono Boost)  
  30  2:44  Probe  
  30  2:45  Probe  
  32  2:56  Probe  
  32  2:57  Probe  
  34  3:00  Adept (Chrono Boost)  
  34  3:05  Mothership Core  
  35  3:09  Probe  
  38  3:21  Probe  
  38  3:24  Oracle (Chrono Boost)  
  38  3:25  Probe  
  43  3:33  Probe  
  44  3:35  Probe  
  44  3:37  Pylon  
  45  3:45  Probe  
  45  3:47  Gateway  
  46  3:49  Gateway  
  46  3:53  Probe  
  47  3:57  Probe, Pylon  
  47  4:04  Probe  
  47  4:09  Probe  
  49  4:11  Oracle (Chrono Boost)  
  49  4:14  Probe  
  53  4:21  Probe, Nexus  
  54  4:25  Probe, Pylon  
  55  4:33  Assimilator  
  55  4:34  Probe  
  55  4:35  Assimilator  
  55  4:36  Probe  
  57  4:44  Phoenix (Chrono Boost)  
  59  4:46  Probe x2  
  61  4:57  Probe, Twilight Council  
  61  4:58  Probe  
  61  4:59  Forge  
  63  5:05  Pylon  
  63  5:07  Probe  
  63  5:09  Phoenix (Chrono Boost)  
  63  5:10  Probe  
  67  5:18  Probe  
  68  5:22  Probe  
  68  5:26  Resonating Glaives  
  69  5:28  Probe  
  69  5:31  Phoenix (Chrono Boost)  
  69  5:34  Probe  
  69  5:35  Probe  
  70  5:40  Protoss Ground Weapons Level 1 (Chrono Boost), Probe  
  69  5:42  Sentry  
  69  5:43  Sentry, Adept  
  69  5:46  Probe  
  69  5:47  Gateway  
  76  5:50  Gateway  
  76  5:54  Phoenix  
  76  5:56  Gateway  
  78  6:01  Gateway  
  78  6:03  Gateway  
  78  6:04  Probe  
  78  6:06  Probe  
  78  6:11  Probe  
  81  6:15  Adept  
  81  6:16  Adept  
  85  6:19  Phoenix, Pylon  
  85  6:23  Probe  
  86  6:27  Robotics Facility  
  84  6:34  Photon Cannon  
  84  6:43  Probe  
  84  6:44  Phoenix  
  84  6:45  Probe  
  84  6:53  Probe  
  85  6:55  Adept x3  
  91  7:04  Probe  
  91  7:06  Protoss Ground Armor Level 1 (Chrono Boost)  
  91  7:07  Probe  
  92  7:10  Photon Cannon  
  92  7:11  Blink  
  92  7:13  Probe  
  94  7:19  Observer (Chrono Boost), Adept x3  
  101  7:27  Probe  
  101  7:38  Assimilator, Pylon  
  101  7:40  Pylon  
  101  7:42  Assimilator  
  101  7:45  Pylon  
  101  7:53  Pylon  
  101  7:56  Probe  
  101  7:58  Adept x6  
  115  8:06  Observer (Chrono Boost)  
  115  8:07  Adept x2  
  119  8:19  Adept x4, Pylon  
  125  8:20  Adept x2, Pylon  
  128  8:37  Probe  
  128  8:38  Warp Prism (Chrono Boost), Robotics Bay  
  128  8:39  Probe, Robotics Facility  
  132  8:41  Probe  
  132  8:43  Pylon  
  132  8:48  Probe  
  133  8:49  Stalker x3  
  138  8:59  Nexus  
  138  9:02  Pylon  
  138  9:06  Stalker x2  
  140  9:11  Protoss Ground Weapons Level 2 (Chrono Boost)  
  140  9:18  Forge, Pylon  
  140  9:19  Adept  
  142  9:25  Stalker x3  
  148  9:35  Colossus (Chrono Boost)  
  148  9:37  Disruptor (Chrono Boost)  
  153  9:43  Adept  
  153  9:44  Stalker x2  
  153  9:58  Probe  
  153  9:59  Protoss Ground Armor Level 2 (Chrono Boost)  
  154  10:02  Adept x5  
  164  10:15  Colossus (Chrono Boost)  
  170  10:22  Probe  
  170  10:24  Assimilator, Colossus (Chrono Boost)  
  170  10:26  Extended Thermal Lance  
  170  10:27  Photon Cannon  
  171  10:29  Photon Cannon  
  171  10:32  Pylon  
  177  10:43  Adept x2  
  177  10:45  Zealot x2  
  175  11:05  Adept x8  
  175  11:08  Probe, Dark Shrine  
  192  11:12  Pylon  
  192  11:18  Pylon  
  192  11:20  Pylon  
  182  11:26  Pylon  
  182  11:28  Pylon  
  182  11:30  Adept  
  182  11:31  Adept x5  
  188  11:38  Stalker  
  188  11:51  Adept x2  
  188  11:52  Mothership Core  
  186  11:57  Gateway  
  186  11:58  Probe x2, Gateway  
  182  12:04  Gateway  
  182  12:06  Probe  
  182  12:08  Colossus  
  177  12:15  Colossus  
  187  12:23  Dark Templar x3  
  187  12:26  Probe  
  187  12:28  Probe  
  195  12:33  Fleet Beacon  
  195  12:34  Forge  
  195  12:45  Protoss Ground Armor Level 3 (Chrono Boost)  
  187  12:55  Nexus  
  187  12:57  Stalker x3  
  187  12:58  Pylon  
  193  13:03  Gateway  
  193  13:05  Gateway  
  193  13:07  Pylon  
  193  13:12  Pylon  
  193  13:21  Photon Cannon  
  193  13:22  Pylon  
  187  13:28  Stalker x3  
  187  13:33  Protoss Ground Weapons Level 3 (Chrono Boost)  
  188  13:43  Photon Cannon  
  188  13:44  Stargate x2  
  188  13:45  Photon Cannon  
  188  13:49  Photon Cannon  
  188  13:50  Tempest  
  190  14:09  Stalker x2  
  176  14:28  Adept x5  
  176  14:29  Adept  
  186  14:33  Tempest (Chrono Boost)  
  181  14:39  Tempest x2 (Chrono Boost)  
  183  14:52  Adept x8  
  198  15:02  Assimilator x2  
  198  15:15  Carrier (Chrono Boost), Adept  
  198  15:16  Adept x2  
  198  15:18  Adept  
  192  15:22  Tempest (Chrono Boost)  
  192  15:23  Adept x4  
  126  15:36  Adept x3  
  126  15:42  Dark Templar  
  132  15:45  Adept x4  
  138  15:55  Mothership Core (Chrono Boost)  
  138  16:02  Dark Templar, Pylon  
  140  16:10  Sentry x3  
  136  16:15  Adept  
  136  16:16  Adept  
  138  16:32  Disruptor (Chrono Boost)  
  138  16:35  Disruptor (Chrono Boost)  
  144  16:40  Adept x6  
  156  16:50  Nexus  
  156  16:52  Protoss Shields Level 1  
  156  17:02  Stalker x4  
  156  17:08  Stalker  
  166  17:15  Adept  
  157  17:26  Colossus (Chrono Boost)  
  157  17:28  Pylon  
  163  17:30  Dark Templar  
  165  17:38  Colossus (Chrono Boost)  
  171  17:48  Stalker x3  
  175  18:00  Adept x2  
  175  18:01  Templar Archives  
  179  18:16  Tempest  
  179  18:19  Tempest  
  189  18:28  Assimilator  
  189  18:29  Assimilator  
  189  18:34  Dark Templar x2  
  189  18:35  Dark Templar x2  
  197  18:46  Disruptor (Chrono Boost)  
  200  19:00  Gateway  
  200  19:01  Gateway  
  198  19:08  Colossus (Chrono Boost)  
  198  19:21  Colossus (Chrono Boost)  
  200  19:35  Psionic Storm  
  198  19:40  Nexus, Pylon  
  196  19:49  High Templar x2  
  196  20:18  Tempest  
  200  20:22  Tempest  
  200  20:25  Assimilator  
  200  20:33  Assimilator  
  200  20:42  Photon Cannon  
  200  20:43  Pylon  
  200  20:45  Photon Cannon x2  
  198  20:51  High Templar  
  195  21:14  High Templar x2  
  181  21:28  Stalker x3  
Show
View Real Time Build Order
Export as new Build Order

Kelazhur Terran 

Build Orders: Gas First Reaper Expand, Reaper Expand, MMM Bio 

Get SALT Encoding   

  12  0:00  SCV  
  13  0:12  SCV  
  14  0:17  Supply Depot  
  14  0:25  SCV  
  14  0:28  Refinery  
  15  0:38  SCV  
  16  0:44  Barracks  
  16  0:50  SCV  
  17  1:02  SCV  
  18  1:14  SCV  
  19  1:31  Orbital Command, Reaper  
  20  1:45  Command Center  
  20  1:56  Factory  
  20  1:59  SCV  
  21  2:05  Barracks Reactor  
  21  2:12  SCV  
  22  2:17  Supply Depot  
  22  2:22  Engineering Bay  
  22  2:26  SCV  
  23  2:32  Refinery  
  23  2:38  SCV  
  24  2:51  SCV  
  24  2:53  Marine, Hellion x2  
  29  2:59  Orbital Command  
  29  3:05  SCV  
  30  3:16  Marine  
  30  3:17  SCV  
  32  3:27  SCV  
  33  3:29  SCV  
  34  3:39  SCV, Widow Mine x2  
  34  3:40  Marine  
  39  3:41  SCV  
  39  3:43  Starport  
  38  3:51  SCV  
  38  3:53  SCV  
  38  4:03  SCV  
  38  4:05  Marine, SCV  
  39  4:15  Widow Mine x2  
  44  4:22  Viking  
  44  4:23  Supply Depot, SCV  
  46  4:24  Supply Depot  
  46  4:37  Barracks x2  
  46  4:40  Barracks Tech Lab  
  46  4:44  SCV x2  
  48  4:47  Supply Depot  
  48  4:56  SCV x2  
  50  5:00  Medivac  
  50  5:01  Marine, Stimpack  
  50  5:05  Supply Depot  
  53  5:07  Widow Mine x2  
  53  5:08  SCV  
  53  5:09  SCV  
  53  5:11  Supply Depot  
  59  5:18  Marine  
  59  5:21  SCV  
  61  5:23  SCV  
  61  5:28  Engineering Bay  
  62  5:33  SCV, Barracks Tech Lab  
  59  5:35  SCV  
  60  5:43  Starport Reactor  
  60  5:45  SCV  
  60  5:48  SCV  
  62  5:52  Factory Reactor  
  62  5:55  Marine  
  62  5:56  Command Center, Marine, Marauder x2  
  68  5:57  SCV  
  68  6:00  SCV  
  68  6:02  Combat Shields, Refinery  
  70  6:04  Refinery  
  70  6:06  Terran Infantry Weapons Level 1  
  70  6:09  SCV  
  71  6:12  SCV  
  71  6:14  Barracks  
  71  6:16  Barracks, Marine x2  
  74  6:19  Marauder  
  74  6:24  Missile Turret  
  74  6:27  SCV  
  74  6:31  Marauder  
  77  6:34  SCV  
  77  6:37  Marine x2  
  79  6:40  SCV  
  79  6:46  SCV  
  80  6:51  Widow Mine x2, Marauder  
  86  6:59  Medivac x2, Marauder  
  86  7:00  Supply Depot, SCV x2  
  94  7:05  Barracks Reactor, Barracks Tech Lab  
  90  7:09  Marine x2  
  90  7:15  Marine  
  91  7:16  SCV x2  
  91  7:18  Orbital Command  
  91  7:20  Marine  
  94  7:24  Armory  
  94  7:29  SCV x2  
  96  7:30  Marine, Engineering Bay  
  96  7:31  Marine  
  96  7:35  Missile Turret  
  96  7:36  Marine  
  98  7:37  Marine  
  98  7:38  Marine  
  98  7:41  SCV x2  
  98  7:42  Marine  
  98  7:43  Marine  
  98  7:44  Widow Mine x2  
  105  7:47  SCV  
  110  7:55  Supply Depot  
  110  7:56  Supply Depot  
  108  7:58  SCV  
  108  8:00  Liberator x2  
  109  8:09  Marauder  
  111  8:13  Marine  
  111  8:14  Marine x2, Marauder  
  111  8:16  Widow Mine  
  111  8:17  Widow Mine  
  111  8:19  Supply Depot, SCV x3  
  129  8:21  Supply Depot  
  129  8:22  Terran Infantry Weapons Level 2  
  129  8:23  Supply Depot  
  129  8:29  Marine, Marauder  
  129  8:30  Marine  
  129  8:32  SCV  
  132  8:34  Marine  
  132  8:37  Supply Depot  
  132  8:40  Marine x2  
  132  8:41  Marauder  
  137  8:44  SCV  
  137  8:45  Missile Turret  
  137  8:46  Marine  
  139  8:48  SCV  
  139  8:49  Liberator, SCV, Missile Turret  
  139  8:50  Liberator, Refinery  
  139  8:51  Marauder  
  139  8:53  Widow Mine x2  
  139  8:55  Marine  
  148  8:59  Supply Depot  
  148  9:07  Marine x2, Marauder  
  158  9:11  Marauder  
  158  9:13  Marine x3  
  163  9:25  Marine x2  
  163  9:26  Widow Mine x2  
  163  9:29  Marauder  
  163  9:31  Marine, Marauder  
  169  9:34  Marauder  
  169  9:35  Marine  
  165  9:38  SCV  
  165  9:39  SCV x2  
  161  9:50  SCV, Marauder  
  155  9:53  Marauder  
  155  9:57  Medivac x2  
  155  9:58  Marine x2  
  155  9:59  Marauder  
  164  10:03  Supply Depot  
  164  10:12  Marine x2, Marauder  
  168  10:19  Liberator  
  168  10:21  Marine x2  
  168  10:22  Marauder  
  168  10:24  Terran Infantry Armor Level 1  
  172  10:29  Marine, Marauder  
  172  10:30  Marine  
  178  10:35  Marauder  
  178  10:39  Starport  
  178  10:40  Supply Depot  
  178  10:41  Fusion Core  
  181  10:44  Refinery  
  181  10:45  Liberator  
  181  10:50  Marine  
  181  10:51  Marine  
  181  10:54  Widow Mine, Marauder  
  181  10:55  Widow Mine  
  181  10:57  SCV x3  
  181  11:01  Marine  
  182  11:05  Terran Infantry Weapons Level 3  
  182  11:08  Supply Depot  
  182  11:09  SCV  
  183  11:13  Marine  
  183  11:14  Marauder  
  186  11:22  Marine  
  186  11:23  Marauder  
  182  11:31  Marauder  
  182  11:32  Marine  
  181  11:35  Marauder  
  184  11:40  SCV  
  184  11:44  Marine, Marauder  
  183  11:47  SCV  
  183  11:53  Marine, Marauder  
  181  11:54  Marine  
  181  11:56  Marine  
  175  12:06  Marine  
  175  12:07  Marauder  
  171  12:09  Marauder  
  171  12:11  Command Center, Marine  
  167  12:16  Viking  
  167  12:17  Viking  
  167  12:21  Terran Infantry Armor Level 2  
  169  12:25  Viking  
  169  12:26  Viking  
  173  12:33  Marine x3, Marauder  
  173  12:34  Marauder  
  180  12:37  Refinery  
  180  12:43  Marauder  
  171  12:52  Viking  
  171  12:55  Marauder  
  171  12:56  Marine  
  171  12:57  Marauder  
  172  13:04  Marauder  
  174  13:05  Viking  
  176  13:13  SCV x3  
  179  13:25  SCV  
  179  13:28  Viking  
  179  13:30  Viking  
  183  13:34  Missile Turret  
  183  13:39  Viking  
  177  13:58  Planetary Fortress  
  177  14:02  Viking x3  
  177  14:11  Marine, Marauder x3  
  182  14:18  Marine  
  171  14:33  Marauder  
  162  14:41  Marine, Marauder  
  162  14:42  Marauder  
  166  14:51  Marine  
  167  14:53  Viking  
  167  14:54  Marauder  
  170  15:08  Marine x2, Marauder  
  170  15:09  Marine  
  156  15:23  Marauder  
  156  15:25  Marine  
  156  15:26  Marauder  
  137  15:29  Marine x4  
  120  15:40  Liberator x3  
  120  15:41  Liberator  
  117  15:43  Marine x2  
  117  15:46  Marine  
  117  15:47  Marine x4  
  113  16:01  Marine x2  
  127  16:04  Marine  
  127  16:05  Marauder  
  127  16:09  Marauder, Marine, Concussive Shells  
  128  16:18  Marine  
  128  16:20  Marauder  
  128  16:21  Orbital Command  
  128  16:23  Liberator  
  127  16:26  Marine x2, Marauder  
  127  16:27  Marine  
  127  16:32  Marine  
  131  16:45  Marine x2  
  131  16:46  Marauder  
  138  16:48  Marine x3  
  138  16:53  SCV x3  
  144  17:05  SCV x2  
  144  17:06  Missile Turret  
  144  17:08  Marine x2, SCV, Marauder  
  137  17:22  Marine  
  120  17:23  Marine, Marauder  
  120  17:24  Marine  
  120  17:26  Marine  
  120  17:28  Marine  
  115  17:30  Medivac x4  
  115  17:32  SCV x3  
  115  17:34  SCV  
  127  17:39  Marauder  
  127  17:40  Marine  
  127  17:41  Marine  
  127  17:42  Marauder  
  133  17:44  SCV x2  
  133  17:46  SCV  
  133  17:49  Terran Infantry Armor Level 3  
  133  17:50  Terran Ship Weapons Level 1, Marine  
  133  17:51  Marine, Marauder  
  140  17:58  Marine  
  141  18:00  Missile Turret  
  141  18:02  Marine  
  141  18:03  Marauder  
  141  18:04  Viking x2  
  141  18:05  Viking  
  149  18:08  Viking  
  149  18:12  Missile Turret  
  143  18:22  Marine x3, Marauder  
  148  18:27  Marine  
  148  18:28  Marauder  
  151  18:40  Missile Turret  
  151  18:41  Marine, Marauder  
  150  18:49  Marauder  
  150  18:51  Viking x2  
  150  18:54  Marine  
  150  18:55  Marine, Marauder  
  157  19:12  Viking x2, Marine x2  
  157  19:13  Marine, Marauder  
  157  19:14  Marauder  
  157  19:16  Ghost Academy  
  168  19:19  Missile Turret  
  168  19:20  Viking  
  168  19:22  Command Center, Marine  
  168  19:23  Marauder  
  173  19:27  Medivac  
  175  19:31  Marine  
  175  19:34  Marauder  
  175  19:37  SCV x2  
  175  19:38  SCV  
  173  19:49  SCV  
  174  19:56  Missile Turret  
  170  20:01  Ghost  
  168  20:09  Ghost, Marine  
  171  20:16  Marine  
  166  20:23  Ghost  
  166  20:26  Marine  
  169  20:33  Marine  
  169  20:34  SCV x2  
  172  20:37  Marine  
  172  20:38  Marine  
  172  20:40  Viking  
  175  20:52  Marine, Marauder x2  
  155  21:09  Missile Turret  
  155  21:10  Marine  
  155  21:11  Marauder  
Tags
 
Add a new tag
Caveats
  • Supply blocks, unpowered buildings, or Contaminate may cause inaccurate times.
  • Supply counts are checked every 10 seconds.